Map: Dusk Towers

Players

Miszu - Winner!

  • Race: Terran Terran
  • League: Master

llllllllllll

  • Race: Zerg Zerg
  • League: Master

VOD

Have the link to the VOD?

Description

Time

  • Played on: March 18, 2016, 2:48 p.m.
  • Length: 11:47
Show
View Real Time Build Order
Export as new Build Order

Miszu Terran - Winner!

Build Orders: MMM Bio 

Get SALT Encoding   

  12  0:00  SCV  
  13  0:12  SCV  
  14  0:18  Supply Depot  
  14  0:24  SCV  
  15  0:39  SCV  
  16  0:45  Barracks  
  16  0:48  Refinery  
  16  0:51  SCV  
  17  1:03  SCV  
  18  1:15  SCV  
  20  1:33  Barracks Reactor  
  20  1:35  Orbital Command  
  19  1:40  Command Center  
  19  1:48  Supply Depot  
  20  2:01  SCV  
  20  2:10  Reaper x2  
  20  2:13  SCV  
  23  2:25  SCV  
  23  2:27  Command Center  
  24  2:37  SCV  
  25  2:46  Reaper x2  
  25  2:49  SCV  
  28  2:52  Orbital Command  
  28  3:01  SCV  
  28  3:03  Refinery  
  29  3:14  SCV  
  30  3:22  Reaper x2  
  30  3:24  SCV  
  30  3:26  SCV  
  34  3:34  Barracks  
  34  3:36  SCV  
  34  3:37  Barracks  
  34  3:38  SCV, Orbital Command  
  36  3:48  SCV  
  36  3:50  SCV  
  36  3:53  Factory  
  38  3:56  Refinery, Marine  
  38  3:57  Marine, Refinery  
  38  4:00  SCV  
  38  4:02  SCV  
  42  4:06  Orbital Command  
  42  4:12  SCV  
  42  4:14  Marine, SCV  
  45  4:18  Engineering Bay  
  45  4:19  Engineering Bay  
  45  4:25  SCV  
  45  4:26  Barracks Tech Lab, SCV  
  45  4:27  Barracks Tech Lab  
  45  4:30  Marine  
  48  4:32  SCV  
  48  4:37  SCV  
  50  4:38  SCV  
  50  4:39  Starport, Factory Reactor  
  50  4:44  Barracks, SCV  
  52  4:46  Barracks  
  52  4:47  Stimpack  
  52  4:49  SCV  
  52  4:50  SCV  
  52  4:52  Combat Shields  
  54  4:56  SCV  
  55  5:01  SCV  
  55  5:02  SCV  
  55  5:03  Supply Depot, Terran Infantry Armor Level 1  
  55  5:06  Terran Infantry Weapons Level 1  
  57  5:08  Marine x2  
  57  5:09  SCV  
  57  5:13  SCV  
  61  5:15  Missile Turret  
  61  5:16  Missile Turret  
  61  5:19  Missile Turret  
  61  5:25  SCV x2  
  61  5:27  SCV  
  65  5:29  Marine, Factory Tech Lab  
  65  5:32  Barracks Reactor  
  65  5:33  Barracks Reactor  
  66  5:37  SCV x2  
  66  5:39  SCV  
  66  5:40  Supply Depot  
  68  5:45  Supply Depot  
  68  5:46  Armory  
  68  5:49  SCV  
  69  5:54  Supply Depot  
  69  5:56  Missile Turret  
  69  6:01  Marine x3, Medivac, SCV x3  
  77  6:06  Marine  
  78  6:12  Supply Depot  
  78  6:13  Marine, SCV x2  
  78  6:14  Marine x3  
  78  6:17  SCV  
  78  6:18  Supply Depot  
  85  6:19  Marine x3  
  85  6:24  Marine  
  89  6:25  SCV x2  
  89  6:29  SCV  
  89  6:31  Marine  
  93  6:33  Marine x2, Medivac  
  93  6:39  Thor, Terran Vehicle Weapons Level 1  
  103  6:44  Supply Depot  
  103  6:45  Supply Depot  
  103  6:49  Refinery  
  103  6:50  Refinery  
  103  6:51  Marine, Barracks  
  103  6:52  Marine x2  
  103  6:53  Marine, Barracks x2  
  107  7:00  SCV x3  
  109  7:03  Terran Infantry Weapons Level 2  
  109  7:06  Terran Infantry Armor Level 2  
  108  7:10  Marine  
  108  7:12  Marine, SCV x2  
  108  7:13  Marauder x2  
  108  7:14  SCV  
  117  7:25  SCV x2  
  117  7:26  SCV  
  120  7:33  Medivac x2  
  120  7:34  Marine  
  125  7:40  Supply Depot, Marine  
  125  7:41  Marauder x2, Thor  
  125  7:43  Supply Depot  
  136  7:45  Barracks Tech Lab x2  
  136  7:46  Barracks Tech Lab  
  136  7:50  Supply Depot  
  136  7:52  Supply Depot, Marine  
  136  7:53  Marine x2  
  136  7:54  Marine  
  140  7:59  Concussive Shells  
  140  8:02  Marauder x2  
  140  8:05  Marauder, Missile Turret  
  146  8:06  Missile Turret x2  
  146  8:08  Marauder  
  148  8:14  Supply Depot x2  
  148  8:16  Supply Depot  
  148  8:18  Marauder  
  150  8:24  Marine  
  150  8:25  Marine x4, Marauder  
  157  8:33  Medivac x2  
  159  8:48  Marine x8, Marauder  
  125  8:49  Hellion  
  125  8:52  Marine, Marauder  
  137  9:05  Marine  
  137  9:06  Marine  
  137  9:07  Marauder x2  
  143  9:10  Thor  
  143  9:11  Marine x2  
  143  9:14  Marine, Marauder  
  154  9:18  Command Center  
  154  9:20  Medivac x2  
  154  9:22  Marauder  
  156  9:36  Marauder  
  156  9:38  Marauder  
  154  9:41  Marine  
  154  9:42  Marine x6, Marauder  
  154  9:43  Marine  
  161  9:50  Medivac  
  163  9:57  Marine  
  163  9:59  Marine x2  
  166  10:00  Marine x5  
  166  10:05  Marauder  
  173  10:08  Marine  
  173  10:09  Marauder  
  176  10:15  Marine  
  176  10:16  Marine  
  176  10:17  Marine x5  
  176  10:19  Supply Depot, Marine  
  184  10:26  Marine x2  
  186  10:30  Marine  
  186  10:33  Marine  
  186  10:34  Marine  
  186  10:35  Marine  
  190  10:39  Marine  
  191  10:44  Marauder, Missile Turret  
  193  10:52  Missile Turret x2  
  193  10:57  Missile Turret x2  
  193  10:58  Missile Turret  
  193  11:01  Planetary Fortress  
  193  11:04  Marine x4, Marauder  
  192  11:05  Marauder  
  166  11:27  Marine  
  166  11:28  Marine x3  
Show
View Real Time Build Order
Export as new Build Order

llllllllllll Zerg 

Build Orders: Hatch First, Muta Ling Bane 

Get SALT Encoding   

  12  0:01  Drone  
  13  0:12  Overlord  
  13  0:17  Drone  
  14  0:31  Drone x2  
  14  0:34  Drone  
  17  0:52  Hatchery  
  17  0:54  Drone  
  17  0:57  Drone  
  17  1:00  Extractor  
  17  1:12  Spawning Pool  
  17  1:15  Drone  
  17  1:19  Drone  
  18  1:27  Drone  
  19  1:38  Overlord  
  19  1:59  Queen  
  19  2:00  Metabolic Boost, Zergling x4  
  23  2:04  Queen  
  23  2:08  Drone  
  26  2:10  Drone  
  27  2:16  Drone  
  27  2:21  Drone  
  29  2:25  Drone  
  30  2:31  Overlord  
  30  2:34  Queen  
  33  2:37  Drone  
  33  2:43  Drone  
  34  2:51  Drone  
  35  2:53  Drone  
  35  2:58  Drone  
  37  3:04  Overlord  
  37  3:17  Drone  
  37  3:18  Lair  
  38  3:25  Drone x2  
  40  3:29  Drone  
  40  3:30  Drone x3  
  40  3:31  Queen  
  46  3:34  Extractor x2  
  46  3:36  Drone x2  
  46  3:43  Spine Crawler  
  46  3:47  Drone  
  46  3:48  Drone  
  47  3:56  Overlord  
  47  3:58  Drone  
  48  4:11  Drone x3  
  48  4:13  Drone  
  52  4:17  Spire  
  52  4:23  Extractor  
  50  4:26  Drone x3  
  50  4:27  Drone  
  50  4:28  Drone  
  55  4:33  Hatchery  
  55  4:38  Zergling x6  
  57  4:39  Zergling x2  
  57  4:44  Overlord  
  58  4:46  Zergling x4  
  60  4:55  Overlord  
  60  4:56  Overlord x2  
  59  5:29  Mutalisk  
  59  5:30  Mutalisk x6  
  73  5:36  Drone  
  73  5:37  Drone x2, Evolution Chamber  
  73  5:38  Baneling Nest  
  73  5:41  Drone x3  
  73  5:42  Evolution Chamber  
  76  5:45  Drone  
  76  5:47  Drone x2  
  79  5:51  Drone x2  
  79  5:57  Drone x3  
  82  6:01  Extractor  
  82  6:03  Extractor  
  82  6:05  Drone  
  82  6:08  Zerg Melee Weapons Level 1, Zerg Ground Armor Level 1  
  82  6:11  Drone x2  
  84  6:16  Drone  
  84  6:17  Drone x2  
  88  6:21  Overlord  
  88  6:22  Overlord  
  88  6:23  Centrifical Hooks  
  88  6:26  Drone x7  
  95  6:34  Drone  
  95  6:36  Overlord  
  95  6:39  Hatchery  
  95  6:42  Drone x4  
  95  6:44  Drone  
  95  6:47  Mutalisk  
  100  6:49  Zergling x2  
  103  6:58  Zergling x14  
  103  7:00  Overlord  
  110  7:01  Zergling x2  
  111  7:10  Zergling x2  
  111  7:12  Baneling x14  
  111  7:13  Zergling x2  
  111  7:14  Zergling x8  
  117  7:21  Zergling x2  
  118  7:26  Zergling x4  
  118  7:27  Pneumatized Carapace  
  118  7:29  Overlord  
  120  7:30  Overlord  
  120  7:32  Zergling x2  
  121  7:38  Overlord  
  121  7:39  Overlord  
  121  7:40  Overlord  
  121  7:46  Overlord  
  121  7:49  Zergling x12  
  127  7:53  Baneling  
  127  7:54  Baneling x14  
  127  7:55  Zergling x2  
  127  7:56  Zergling x4  
  130  8:01  Zergling x2  
  130  8:05  Zerg Ground Armor Level 2, Zergling x10  
  136  8:06  Zerg Melee Weapons Level 2  
  136  8:08  Zergling x8  
  141  8:12  Zergling x2  
  141  8:15  Overlord  
  141  8:19  Zergling x10  
  146  8:24  Baneling x12  
  146  8:25  Baneling x3  
  146  8:29  Zergling x6  
  146  8:32  Mutalisk  
  141  8:45  Zergling x2  
  141  8:46  Zergling x12  
  118  8:49  Zergling x2, Mutalisk x2  
  118  8:50  Mutalisk x3  
  118  8:54  Baneling x10  
  118  8:55  Baneling x3  
  129  8:56  Zergling x2  
  129  9:01  Zergling x6  
  133  9:04  Zergling x6  
  133  9:08  Zergling x2  
  137  9:15  Zergling x2  
  137  9:16  Zergling x4, Hatchery  
  139  9:18  Zergling x2  
  140  9:25  Zergling x6  
  132  9:33  Zergling x2  
  132  9:34  Zergling x18  
  132  9:36  Zergling x6  
  137  9:43  Zergling x6  
  137  9:45  Zergling x2  
  139  9:47  Zergling x2  
  139  9:57  Zergling x6  
  139  9:58  Baneling x2  
  139  9:59  Baneling x14  
  141  10:02  Zergling x22  
  152  10:07  Mutalisk  
  152  10:12  Zergling x2  
  152  10:13  Zergling x4  
  157  10:17  Zergling x2  
  158  10:23  Zergling x6  
  158  10:27  Zergling x2  
  162  10:33  Baneling x9  
  162  10:34  Baneling x6  
  162  10:35  Zergling x16  
  170  10:39  Zergling x12  
  176  10:43  Zergling x2  
  176  10:47  Zergling x2  
  176  10:48  Zergling x4  
  180  10:50  Zergling x4  
  180  10:51  Zergling x2  
  180  10:52  Zergling x2  
  180  10:55  Zergling x2  
  185  11:02  Zergling x8  
  185  11:03  Zergling x2  
  190  11:09  Overlord  
  190  11:10  Overlord  
  176  11:21  Zergling x10  
  176  11:22  Zergling x6  
  146  11:28  Zergling x2  
  146  11:29  Zergling x16  
Tags
 
Add a new tag
Caveats
  • Supply blocks, unpowered buildings, or Contaminate may cause inaccurate times.
  • Supply counts are checked every 10 seconds.